 Dungeon Crawl Stone Soup version 0.31-a0-446-g07c4bd200f (webtiles) character file.

Game seed: 4402903787458638475

14575 Ethylacetat the Mimic (level 12, -10/56 HPs)
             Began as a Vine Stalker Monk on Aug 3, 2023.
             Was the Champion of Cheibriados.
             Mangled by an enormous slime creature (39 damage)
             ... on level 12 of the Dungeon.
             The game lasted 00:30:57 (8305 turns).

Ethylacetat the Mimic (Vine Stalker Monk)           Turns: 8305, Time: 00:30:59

Health: -10/56     AC: 32    Str: 29    XL:     12   Next: 18%
Magic:  0/26       EV: 15    Int: 21    God:    Cheibriados [******]
Gold:   130        SH:  0    Dex: 40    Spells: 30/30 levels left

rFire   + .          .
                       - Unarmed
rCold   + . .        (no shield)
rNeg    + + .        C - melded +2 robe {rF+}
rPois   ∞            (no helmet)
rElec   +            e - +0 cloak
rCorr   .            h - melded +2 pair of gloves {infuse}
SInv    +            (boots currently unavailable)
Will    +....        c - amulet of magic regeneration
Stlth   +++          H - ring "Razeusel" {rElec rC+ rN+ Int-2 SInv}
HPRegen 1.09/turn    q - ring of Qaumuvie {rF+ AC+4 Int-2 Dex+3}
MPRegen 0.60/turn

%: guardian spirit
@: statue-form, very slow
A: slow and powerful, torment resistance 1, reduced hp, fangs 3, regeneration 1,
magic shield, antimagic bite, no potion heal 2
a: Begin Untransformation, Renounce Religion, Bend Time, Temporal Distortion,
Slouch, Step From Time


You were on level 12 of the Dungeon.
You worshipped Cheibriados.
Cheibriados was exalted by your worship.
You were a living statue of rough stone.
You visited 2 branches of the dungeon, and saw 13 of its levels.
You also visited: Bailey.

You collected 755 gold pieces.
You spent 625 gold pieces at shops.

Inventory:

Hand Weapons
 w - a +1 dagger of draining
 y - the +5 long sword "Usytadgh" {heavy, Will+ Str+3 Dex+2}
   (You found it on level 4 of the Dungeon)

   Str:       It affects your strength (+3).
   Dex:       It affects your dexterity (+2).
   Will:      It increases your willpower.
Missiles
 m - a throwing net
 p - 24 poisoned darts (quivered)
Armour
 e - a +0 cloak (worn)
 h - a +2 pair of gloves of infusion (melded)
 C - a +2 robe of fire resistance (melded)
Jewellery
 c - an amulet of magic regeneration (around neck)
 q - the ring of Qaumuvie (right fist) {rF+ AC+4 Int-2 Dex+3}
   (You bought it in a shop on level 11 of the Dungeon)

   [ring of protection]

   AC:        It affects your AC (+4).
   Int:       It affects your intelligence (-2).
   Dex:       It affects your dexterity (+3).
   rF:        It protects you from fire.
 H - the ring "Razeusel" (left fist) {rElec rC+ rN+ Int-2 SInv}
   (You found it on level 8 of the Dungeon)

   [ring of protection from cold]

   Int:       It affects your intelligence (-2).
   rC:        It protects you from cold.
   rElec:     It insulates you from electricity.
   rN:        It protects you from negative energy.
   SInv:      It lets you see invisible.
 M - an amulet of reflection
Talismans
 k - a granite talisman (active)
Wands
 x - a wand of iceblast (9)
 K - a wand of charming (4)
 L - a wand of flame (9)
Scrolls
 a - 2 scrolls of poison {unknown}
 g - a scroll of revelation
 i - 4 scrolls of fog {unknown}
 j - a scroll of fear {unknown}
 n - 2 scrolls of teleportation
 o - a scroll of amnesia {unknown}
 s - 2 scrolls of blinking
 z - a scroll of summoning {unknown}
 A - 4 scrolls of identify
 E - 2 scrolls of enchant weapon {unknown}
 F - a scroll of enchant armour {unknown}
 J - a scroll of silence {unknown}
 N - a scroll of immolation {unknown}
Potions
 b - a potion of ambrosia
 d - a potion of berserk rage
 f - a potion of resistance
 l - a potion of curing
 r - 3 potions of mutation {unknown}
 t - a potion of haste {unknown}
 u - 3 potions of magic {unknown}
 B - 2 potions of enlightenment {unknown}
 D - a potion of cancellation {unknown}
 G - 2 potions of might {unknown}
 I - 4 potions of brilliance {unknown}
Miscellaneous
 v - a lightning rod (1/4)


   Skills:
 + Level 9.5 Fighting
 - Level 2.6 Dodging
 - Level 3.2 Unarmed Combat
 + Level 9.7 Spellcasting
 * Level 11.5 Shapeshifting


You had 30 spell levels left.
You didn't know any spells.
Your spell library contained the following spells:

 Spells                   Type           Power      Damage    Failure   Level
 Magic Dart               Conj           40%        1d5       7%          1
 Call Imp                 Summ           20%        N/A       10%         2
 Hailstorm                Conj/Ice       10%        3d5       21%         3
 Mephitic Cloud           Conj/Pois/Air  10%        N/A       21%         3
 Cause Fear               Hex            5%         N/A       54%         4
 Summon Ice Beast         Ice/Summ       10%        N/A       54%         4
 Fireball                 Conj/Fire      5%         3d5       88%         5
 Summon Mana Viper        Hex/Summ       10%        N/A       88%         5
 Simulacrum               Ice/Necr       5%         N/A       100%        6
 Monstrous Menagerie      Summ           5%         N/A       100%        7
 Dragon's Call            Summ           5%         N/A       100%        9


Dungeon Overview and Level Annotations

Branches:
Dungeon (12/15)            Temple (1/1) D:7            Lair (0/5) D:9
    Orc (0/2) D:11         Bailey (visited)

Altars:
Ashenzari
Cheibriados
Dithmenos
Elyvilon
Fedhas
Gozag
Hepliaklqana
Kikubaaqudgha
Makhleb
Nemelex Xobeh
Okawaru
Qazlal
Ru
Sif Muna
Trog
Uskayaw
Vehumet
Wu Jian
Xom
Yredelemnul
Zin
The Shining One

Shops:
D:4 :   D:11 =

Annotations:
D:4 3 runed translucent doors, greenbourne's ghost, novice SpEn; hackon's ghost, novice OgFE


Innate Abilities, Weirdness & Mutations

You are a living statue of rough stone.
Your actions are slow, but your melee attacks are powerful.
You are resistant to unholy torment.
Your maximum health is decreased, since you lack skill for your form.
Your equipment is partially melded.
You are immune to poison.
You have razor-sharp teeth.
Your natural rate of healing is unusually fast.
When hurt, damage is shared between your health and your magic reserves.
Your bite disrupts and absorbs the magic of your enemies.
Potions cannot restore your health.


Message History

The very large slime creature closely misses you.
Unknown command.
You pulverise the very large slime creature!!!
Your bite misses the very large slime creature.
The very large slime creature is heavily wounded.
The very large slime creature barely misses you.
Unknown command.
You pummel the very large slime creature!!
You bite the very large slime creature. You drain its power.
The very large slime creature is severely wounded.
The very large slime creature hits you!!!
Ouch! That really hurt!
The very large slime creature misses you.
Two slime creatures merge to form an enormous slime creature.
Okay, then.
Okay, then.
Aiming: Charm
Press: ? - help, Shift-Dir - straight line, f - enormous slime creature
Aim: an enormous slime creature (heavily wounded, chance to affect: 31%)
Okay, then.
Aiming: Thunderbolt
Press: ? - help, Shift-Dir - straight line, f - enormous slime creature
Aim: an enormous slime creature (heavily wounded)
The thunderbolt hits the enormous slime creature!
The enormous slime creature is heavily wounded.
Aiming: Thunderbolt
Press: ? - help, Shift-Dir - straight line, f/p - enormous slime creature
Aim: an enormous slime creature (heavily wounded)
The thunderbolt hits the enormous slime creature!!
The enormous slime creature is severely wounded.
The enormous slime creature closely misses you.
The enormous slime creature misses you.
Aiming: Thunderbolt
Press: ? - help, Shift-Dir - straight line, f/p - enormous slime creature
Aim: an enormous slime creature (severely wounded)
The thunderbolt hits the enormous slime creature!!
The enormous slime creature is severely wounded.
The enormous slime creature hits you!!!
Ouch! That really hurt!
You die...

#.# #.# #######.## #.#
##+# #........# ..#
#...# #.#####..# ..#
.....# #.....#..# .##
.J....##..#.....# ..####
.......#.#....#(####.##.
.....+
.......'..........).....
..####
......?#J##...#.####....
.## J.....##8###.##.# #
..# .....# #........#
..# #...# #####.#### #.#
##+# #.# #.# #.# #.# #.#
#<# #.# #.# #.# #.# ..#


You could see an enormous slime creature.

Vanquished Creatures
  3 two-headed ogres
  Urug (D:11)
  A wizard (D:11)
  An orc knight (Bailey)
  A deep elf pyromancer (Bailey)
  2 ugly things
  A cyclops (D:12)
  A manticore (D:11)
  3 trolls
  A shadow (D:9)
  10 yaks
  2 vampires
  5 wyverns
  2 wraiths (D:9)
  3 steam dragons
  9 water moccasins
  7 orc warriors
  An ice beast (D:5)
  4 sky beasts
  4 black bears
  3 wolves (D:9)
  An ogre (D:8)
  5 centaurs
  A phantom (D:7)
  4 kobold brigands
  3 scorpions
  A gnoll sergeant (D:11)
  3 wights (D:8)
  9 killer bees
  4 howler monkeys
  2 gnoll boudas
  A jelly (D:6)
  4 orc priests
  A hound (D:7)
  3 iguanas
  8 orc wizards
  25 gnolls
  9 adders
  2 shadow imps
  A white imp (D:8)
  2 ufetubi (D:5)
  A dart slug (D:2)
  3 worms
  66 orcs
  4 ball pythons
  5 endoplasms
  3 giant cockroaches
  7 goblins
  7 hobgoblins
  3 jackals (D:4)
  27 kobolds
  2 quokkas
  6 bats
  2 frilled lizards (D:3)
  4 rats
294 creatures vanquished.

Notes
Turn   | Place    | Note
-------+----------+-------------------------------------------
     0 | D:1      | Ethylacetat the Vine Stalker Monk began the quest for the
                  | Orb.
     0 | D:1      | Reached XP level 1. HP: 11/11 MP: 2/2
   223 | D:1      | Reached XP level 2. HP: 15/16 MP: 3/3
   884 | D:2      | Reached XP level 3. HP: 2/20 MP: 3/5
   955 | D:2      | Reached skill level 1 in Spellcasting
   955 | D:2      | Reached skill level 1 in Shapeshifting
   971 | D:2      | Gained mutation: Your natural rate of healing is unusually
                  | fast. [Vine Stalker growth]
   971 | D:2      | Reached XP level 4. HP: 3/24 MP: 6/6
  1372 | D:2      | Reached skill level 2 in Shapeshifting
  1483 | D:3      | Reached XP level 5. HP: 3/28 MP: 8/8
  1513 | D:3      | Found a faded altar of an unknown god.
  1992 | D:4      | Reached XP level 6. HP: 4/33 MP: 10/10
  2151 | D:4      | Identified the +5 long sword "Usytadgh" {heavy, Will+ Str+3
                  | Dex+2}
  2164 | D:4      | Reached skill level 3 in Shapeshifting
  2337 | D:4      | Found Orrul's Self-Improvement Boutique.
  2478 | D:4      | Found a runed translucent gate.
  2545 | D:4      | Found a runed translucent gate.
  2545 | D:4      | Found a runed translucent gate.
  2549 | D:4      | Noticed greenbourne's ghost (novice SpEn)
  2549 | D:4      | Noticed hackon's ghost (novice OgFE)
  2587 | D:5      | Entered Level 5 of the Dungeon
  2588 | D:5      | Noticed a water moccasin
  2593 | D:5      | Killed a water moccasin
  2594 | D:5      | Reached XP level 7. HP: 4/37 MP: 12/12
  2723 | D:5      | Reached skill level 4 in Shapeshifting
  3043 | D:6      | Found a snail-covered altar of Cheibriados.
  3053 | D:5      | Gained mutation: You have razor-sharp teeth. [Vine Stalker
                  | growth]
  3053 | D:5      | Reached XP level 8. HP: 5/42 MP: 13/15
  3105 | D:6      | Reached skill level 5 in Fighting
  3105 | D:6      | Reached skill level 5 in Shapeshifting
  3234 | D:6      | Became a worshipper of Cheibriados the Contemplative
  3234 | D:6      | Reached * piety under Cheibriados
  3234 | D:6      | Reached ** piety under Cheibriados
  3547 | D:6      | Reached skill level 5 in Spellcasting
  3559 | D:6      | Found a glowing silver altar of Zin.
  3733 | D:7      | Reached skill level 6 in Shapeshifting
  3771 | D:7      | Reached XP level 9. HP: 8/48 MP: 15/18
  3854 | D:7      | Reached *** piety under Cheibriados
  3988 | D:7      | Reached skill level 7 in Shapeshifting
  4175 | D:7      | Found a staircase to the Ecumenical Temple.
  4180 | Temple   | Entered the Ecumenical Temple
  4625 | D:8      | Identified the ring "Razeusel" {rElec rC+ rN+ Int-2 SInv}
  4745 | D:8      | Reached **** piety under Cheibriados
  4971 | D:8      | Reached skill level 8 in Shapeshifting
  4971 | D:8      | Reached XP level 10. HP: 20/53 MP: 19/21
  5686 | D:8      | Reached ***** piety under Cheibriados
  5850 | D:9      | Identified the +0 leather armour of Submission {Regen+
                  | Str+3}
  5982 | D:9      | Found a staircase to the Lair.
  6001 | D:9      | Reached skill level 9 in Shapeshifting
  6214 | D:9      | Reached XP level 11. HP: 36/60 MP: 24/24
  6539 | D:10     | Entered Level 10 of the Dungeon
  6598 | D:10     | Found a flagged portal.
  6618 | Bailey   | Entered a bailey
  6662 | Bailey   | Noticed an orc knight
  6668 | Bailey   | Found a large runed translucent door.
  6668 | Bailey   | Found a large runed translucent door.
  6671 | Bailey   | Killed an orc knight
  6672 | Bailey   | Reached skill level 10 in Shapeshifting
  6673 | Bailey   | Noticed a deep elf pyromancer
  6685 | Bailey   | Reached ****** piety under Cheibriados
  6701 | Bailey   | Killed a deep elf pyromancer
  6738 | Bailey   | Identified the +0 leather armour of Grot {rC+}
  7082 | D:10     | You fall into a shaft and drop 1 floor!
  7083 | D:11     | Noticed a two-headed ogre
  7089 | D:11     | Killed a two-headed ogre
  7150 | D:11     | Noticed Urug
  7157 | D:11     | Noticed a wizard
  7158 | D:11     | Killed Urug
  7162 | D:11     | Killed a wizard
  7163 | D:11     | Noticed a manticore
  7166 | D:11     | Killed a manticore
  7175 | D:11     | Found Cukushray's One-of-a-Kind Rings.
  7179 | D:11     | Bought the ring of Qaumuvie {rF+ AC+4 Int-2 Dex+3} for 625
                  | gold pieces
  7189 | D:11     | Noticed a white ugly thing
  7244 | D:11     | Noticed a two-headed ogre
  7252 | D:11     | Killed a two-headed ogre
  7253 | D:11     | Reached skill level 11 in Shapeshifting
  7683 | D:11     | Killed a white ugly thing
  7684 | D:11     | Reached XP level 12. HP: 17/66 MP: 17/26
  7846 | D:11     | Found a staircase to the Orcish Mines.
  8219 | D:12     | Noticed a two-headed ogre
  8224 | D:12     | Killed a two-headed ogre
  8305 | D:12     | Mangled by an enormous slime creature

Illustrated notes

Levels and vault maps discovered:
D:1:      dpeg_arrival_ternary, layout_loops_corners, hangedman_decor_growths,
          minmay_statues_item
D:2:      layout_loops_ring, serial_bayou_ford_a, minmay_pentomino_v2
D:3:      layout_rooms, nicolae_ecumenical_lake_church
D:4:      layout_layer_cave, gammafunk_ghost_cemetery, nicolae_shop_self_help
D:5:      layout_basic
D:6:      layout_gridville, cheibriados_altar_1,
          mainiacjoe_overflow_concentric_impassable
D:7:      layout_loops_ring, minmay_temple_entry_statues_pillars,
          eino_tiny_chamber
D:8:      layout_layer_cave, special_room [special_room_orc],
          nicolae_letterblocks [nicolae_letter_subblock,
          nicolae_letter_subblock, nicolae_letter_subblock,
          nicolae_letter_subblock, nicolae_letter_subblock,
          nicolae_letter_subblock, nicolae_letter_subblock,
          nicolae_letter_subblock, nicolae_letter_subblock,
          nicolae_letter_subblock, nicolae_letter_subblock,
          nicolae_letter_subblock, nicolae_letter_subblock,
          nicolae_letter_subblock, nicolae_letter_subblock,
          nicolae_letter_subblock, nicolae_letter_subblock,
          nicolae_letter_subblock, nicolae_letter_subblock,
          nicolae_letter_subblock, nicolae_letter_subblock,
          nicolae_letter_subblock, nicolae_letter_subblock,
          nicolae_letter_subblock, nicolae_letter_subblock]
D:9:      layout_roguey, minmay_lair_entry_grove,
          chequers_serial_rivers_micro_b, eino_small_chamber_without_monster,
          kennysheep_generic_room_14
D:10:     layout_roguey, enter_bailey_5, nicolae_figureground_sparkle
D:11:     layout_long_grid, orc_0_dummy, nicolae_shop_unique_rings,
          eino_tiny_chamber, uniq_urug
D:12:     layout_loops_corners, kennysheep_windowed_goal, uniq_azrael,
          uniq_psyche
Temple:   mainiacjoe_temple_big_plus

Skill      XL: |  1  2  3  4  5  6  7  8  9 10 11 |
---------------+----------------------------------+-----
Fighting       | 3 4 5 6 8 9 |  9.5
Spellcasting   | 1 2 3 4 5 6 8 9 |  9.7
Shapeshifting  | 1 2 3 4 6 8 9 11 | 11.5
Dodging        | |  2.6
Unarmed Combat | |  3.2

Action                     |  1- 3 |  4- 6 |  7- 9 | 10-12 || total
---------------------------+-------+-------+-------+-------++-------
  Melee: Unarmed           |    47 |    87 |   186 |   296 ||   616
         Bite              |     9 |    25 |    49 |   106 ||   189
         Punch             |       |       |     1 |     8 ||     9
  Throw: Dart              |       |     1 |       |     5 ||     6
         Throwing net      |       |       |       |     2 ||     2
  Evoke: Lightning rod     |       |       |       |     3 ||     3
    Use: Potion            |       |       |       |     6 ||     6
         Scroll            |       |       |       |     5 ||     5
   Stab: Sleeping          |       |       |     1 |     5 ||     6
         Distracted        |       |       |       |     2 ||     2
 Armour: Robe              |     8 |       |       |       ||     8
         Skin              |    12 |    46 |   173 |   284 ||   515
  Dodge: Dodged            |    40 |    68 |   206 |   430 ||   744
   Form: Statue            |     1 |       |     1 |       ||     2
                           |       |       |     1 |       ||     1

Table legend: (Time is in decaauts)
 A = Elapsed time spent in this place.
 B = Non-inter-level travel time spent in this place.
 C = Inter-level travel time spent in this place.
 D = Time resting spent in this place.
 E = Time spent auto-exploring this place.
 F = Levels seen in this place.
 G = Mean time per level.
                   A        B        C        D        E       F      G
               +--------+--------+--------+--------+--------+-----+--------+
         Total |  17008 |  16358 |    650 |     12 |  13383 |  14 | 1214.9 |
       Dungeon |  16350 |  15700 |    650 |     12 |  13090 |  12 | 1362.5 |
        Temple |      2 |      2 |      0 |      0 |      0 |   1 |    2.0 |
        Bailey |    655 |    655 |      0 |      0 |    292 |   1 |  655.0 |
               +--------+--------+--------+--------+--------+-----+--------+

Top non-repeatable levels by time:
     D:8: 3107 daAuts
    D:11: 2076 daAuts
     D:7: 1840 daAuts
     D:9: 1814 daAuts
    D:10: 1776 daAuts
     D:6: 1254 daAuts
     D:2: 1155 daAuts
     D:4: 933 daAuts
     D:3: 722 daAuts
     D:5: 717 daAuts
  Bailey: 655 daAuts
     D:1: 637 daAuts
    D:12: 314 daAuts
  Temple: 2 daAuts
